 Dungeon Crawl Stone Soup version 0.21.1-1-g345015fe64 (webtiles) character file.

143 DildoBatman the Sneak (level 5, -8/41 HPs)
             Began as a Formicid Enchanter on Mar 30, 2018.
             Mangled by BorisKarlOrff's ghost (11 damage)
             ... on level 4 of the Dungeon.
             The game lasted 00:11:33 (3617 turns).

DildoBatman the Sneak (Formicid Enchanter)          Turns: 3617, Time: 00:11:34

Health: -8/41      AC:  5    Str: 18    XL:     5   Next: 50%
Magic:  0/8        EV: 11    Int: 20    God:
Gold:   179        SH:  0    Dex: 11    Spells: 4/8 levels left

rFire    . . .     SeeInvis +   a - +2 dagger (speed)
rCold    . . .     Gourm    .   (no shield)
rNeg     . . .     Faith    .   o - +0 ring mail (curse)
rPois    .         Spirit   +   (helmet unavailable)
rElec    .         Reflect  .   (no cloak)
rCorr    +         Harm     .   (no gloves)
MR       .....                  (no boots)
Stlth    +.........             n - amulet of guardian spirit
HPRegen  0.13/turn              g - ring of resist corrosion
MPRegen  0.11/turn              (no ring)

@: mighty, brilliant, lethally poisoned (-8 -> -12), very slow
A: permanent stasis, dig shafts and tunnels, four strong arms, antennae 3
a: Dig, Shaft Self


You were on level 4 of the Dungeon.
You were hungry.

You visited 1 branch of the dungeon, and saw 4 of its levels.
You also visited: Sewer.

You collected 179 gold pieces.

Inventory:

Hand Weapons
 a - a +2 dagger of speed (weapon)
 b - a cursed -3 spear
 j - a cursed -3 dagger
 l - a +5 dagger
 A - a +0 long sword
Missiles
 f - 39 bolts
 k - 15 poisoned needles
 s - 37 stones (quivered)
 w - a throwing net
Armour
 o - a cursed +0 ring mail (worn)
Jewellery
 g - a ring of resist corrosion (left hand)
 n - an amulet of guardian spirit (around neck)
 u - a +5 ring of evasion {unknown}
 D - an uncursed ring of magical power {unknown}
Scrolls
 d - a scroll of magic mapping {unknown}
 h - a scroll of amnesia {unknown}
 i - 5 scrolls of teleportation
 r - 3 scrolls of remove curse {unknown}
 t - a scroll of enchant weapon {unknown}
 y - a scroll of enchant armour {unknown}
 B - a scroll of immolation {unknown}
 C - 2 scrolls of fear {unknown}
Potions
 e - 2 potions of resistance
 m - a potion of curing {unknown}
 p - a potion of lignification {unknown}
 q - a potion of ambrosia
 x - a potion of mutation {unknown}
Books
 c - a book of Maledictions

   Spells                             Type                      Level
   a - Corona                         Hexes                        1
   b - Ensorcelled Hibernation        Hexes/Ice                    2
   c - Confuse                        Hexes                        3
   d - Tukima's Dance                 Hexes                        3
   e - Dazzling Spray                 Conjuration/Hexes            3
Comestibles
 v - 5 rations


   Skills:
 * Level 3.5 Fighting
 - Level 1.0 Short Blades
 - Level 3.0 Armour
 - Level 2.0 Dodging
 - Level 4.1 Stealth
 - Level 2.1 Spellcasting
 - Level 3.6 Hexes


You had 4 spell levels left.
You knew the following spells:

 Your Spells              Type           Power        Failure   Level  Hunger
a - Corona                Hex            ####...      1%          1    #......
b - Confuse               Hex            ####....     2%          3    ###....


Dungeon Overview and Level Annotations

Branches:
Dungeon (4/15)
 Temple: D:4-7

Altars:
Okawaru
Qazlal

Annotations:
D:3 exclusion: goblin, Wolfborn's ghost, amateur DsAK
D:4 exclusions: hound and sensed monster (detected), BorisKarlOrff's ghost, amateur HOFi


Innate Abilities, Weirdness & Mutations

You cannot be hasted, slowed, berserked, paralysed or teleported.
You can dig through walls and to a lower floor.
Your four strong arms can wield two-handed weapons with a shield.
You have a pair of large antennae on your head. (SInv)


Message History

You puncture the leopard gecko!
You kill the leopard gecko!
You feel sick. The giant cockroach misses you.
The hound skeleton splashes around in the water.
BorisKarlOrff's ghost hits you.
The adder closely misses the giant cockroach.
The giant cockroach misses you.
The adder closely misses the giant cockroach.
The giant cockroach barely misses you.
Things that are here:
a leopard gecko corpse an adder corpse a giant cockroach corpse You barely miss the hound skeleton.
The hound skeleton is lightly damaged.
You feel sick. The hound skeleton barely misses you.
BorisKarlOrff's ghost hits you!
You die...

...###################
.....................#
...# #....%....Z...#
..!# #...[.#######.#
...# #.....#≈≈Z≈≈#.#
...# #.....'Sgs@≈#.#
...# #.....#≈SW≈≈#.#
..W####.....#######.##
g.{{.##..............#
..{#{###..#..#..####.#
#.##.l.[s##.....###.##
#.######..#.####.#.##
#.# ...#.# ##.## ...
.##........##


You could see BorisKarlOrff's ghost, a gnoll, 2 adders, a giant cockroach, a
water moccasin skeleton and a hound skeleton.

Vanquished Creatures
  6 adders
  An ooze (D:1)
  4 dart slugs
  A worm (Sewer)
  7 leopard geckos
  10 bats
  3 giant cockroaches
  12 goblins
  2 hobgoblins (D:1)
  4 jackals (Sewer)
  2 quokkas (D:2)
  2 ball pythons (Sewer)
  3 frilled lizards
  4 kobolds
  4 rats
65 creatures vanquished.

Notes
Turn   | Place    | Note
-------+----------+-------------------------------------------
     0 | D:1      | DildoBatman the Formicid Enchanter began the quest for the Orb.
     0 | D:1      | Reached XP level 1. HP: 13/13 MP: 3/3
   130 | D:1      | Reached skill level 1 in Fighting
   251 | D:1      | Reached XP level 2. HP: 21/22 MP: 3/5
   505 | D:1      | Reached XP level 3. HP: 12/28 MP: 2/6
   518 | D:1      | Learned a level 3 spell: Confuse
  1521 | D:2      | Reached XP level 4. HP: 30/35 MP: 2/7
  1660 | D:2      | Found a stormy altar of Qazlal.
  1699 | D:2      | Reached skill level 1 in Armour
  1699 | D:2      | Reached skill level 4 in Stealth
  2401 | D:3      | Noticed Wolfborn's ghost (amateur DsAK)
  2802 | D:3      | Found an iron altar of Okawaru.
  2814 | D:3      | Reached XP level 5. HP: 36/41 MP: 6/8
  2943 | D:4      | Noticed BorisKarlOrff's ghost (amateur HOFi)
  2955 | D:4      | Found a glowing drain.
  2993 | Sewer    | Entered a sewer
  3617 | D:4      | Mangled by BorisKarlOrff's ghost

Skill      XL: |  1  2  3  4  5 |
---------------+----------------+-----
Fighting       | 1 2 3 |  3.5
Dodging        | 2 |  2.0
Armour         | 2 3 |  3.0
Stealth        | 4 |  4.1
Short Blades   | |  1.0
Spellcasting   | |  2.1
Hexes          | |  3.6

Action                   |  1- 3 |  4- 6 || total
-------------------------+-------+-------++-------
Melee: Dagger            |   106 |   165 ||   271
 Cast: Corona            |    27 |    30 ||    57
       Confuse           |       |     2 ||     2
 Abil: Dig               |     1 |     9 ||    10
  Use: Scroll            |       |     4 ||     4
       Potion            |       |     2 ||     2
 Stab: Sleeping          |     4 |       ||     4
  Eat: Chunk             |     3 |     8 ||    11
Armor: Robe              |    25 |       ||    25
       Ring mail         |     2 |    84 ||    86
Dodge: Dodged            |    59 |   147 ||   206
